Map: Ruins of Endion

Players

capac

  • Race: Terran Terran
  • League: Gold

Nihilus - Winner!

  • Race: Terran Terran
  • League: Gold

VOD

Have the link to the VOD?

Description

Time

  • Played on: April 17, 2016, 1:09 p.m.
  • Length: 10:33
Show
View Real Time Build Order
Export as new Build Order

capac Terran 

Build Orders: Reaper Expand, MMM Bio 

Get SALT Encoding   

  12  0:00  SCV  
  13  0:13  SCV  
  14  0:18  Supply Depot  
  14  0:25  SCV  
  15  0:40  SCV  
  15  0:41  Barracks  
  16  0:46  Refinery  
  16  0:52  SCV  
  18  1:04  SCV  
  18  1:16  SCV  
  19  1:31  Reaper  
  20  1:34  Orbital Command  
  20  1:47  Command Center  
  20  1:56  Supply Depot  
  20  2:02  Marine, SCV  
  21  2:38  Factory  
  21  2:39  Barracks Reactor  
  21  2:40  Barracks  
  21  2:41  Refinery  
  21  2:56  SCV  
  22  2:59  Orbital Command  
  22  3:08  SCV  
  23  3:15  Marine x2  
  24  3:28  Factory Tech Lab  
  24  3:33  Starport, Marine  
  25  3:39  SCV  
  25  3:44  Marine  
  25  3:47  Siege Tank  
  29  3:49  Barracks Tech Lab  
  29  3:51  Barracks  
  29  3:59  SCV x2  
  31  4:09  Medivac  
  33  4:11  Bunker, SCV x2  
  33  4:15  Marine x3  
  38  4:18  Stimpack  
  38  4:26  SCV x2  
  40  4:38  SCV  
  40  4:39  SCV  
  40  4:43  Supply Depot  
  42  4:46  Marine x3  
  42  4:50  SCV  
  46  4:53  Starport Reactor  
  46  4:58  Barracks  
  46  5:04  Siege Tank, SCV  
  46  5:05  SCV  
  51  5:10  Supply Depot  
  51  5:13  Marine x2  
  53  5:17  Marine  
  51  5:36  Viking  
  53  5:51  Engineering Bay  
  53  5:52  Barracks Reactor  
  53  5:53  Barracks Reactor  
  53  6:04  Marine x3  
  53  6:08  Refinery  
  56  6:17  Starport Reactor  
  56  6:29  Marine  
  56  6:30  Marine x5  
  62  6:44  Command Center  
  62  6:57  Refinery  
  62  7:11  Missile Turret  
  62  7:35  Starport  
  62  7:45  Supply Depot, Marine x3  
  62  7:46  Siege Tank, SCV x2  
  70  7:51  Supply Depot  
  70  7:55  Marine x4, Medivac x2  
  70  7:58  SCV x2, Combat Shields  
  80  8:03  Marine x3  
  83  8:10  SCV x2  
  85  8:13  Marine x3  
  85  8:18  Siege Tank  
  91  8:27  Marine  
  91  8:28  Marine x3  
  91  8:30  Missile Turret  
  91  8:31  Marine, Medivac  
  98  8:35  Starport Reactor  
  98  8:46  Marine x2  
  98  8:47  Marine x3  
  98  8:48  SCV  
  104  9:14  Marauder, Marine x3  
  109  9:19  Concussive Shells  
  109  9:37  Marine x2  
  109  9:38  Supply Depot, Marauder, Siege Tank, SCV  
  117  9:39  Supply Depot  
  117  9:49  SCV  
  117  9:50  SCV  
  70  10:01  Marine  
  70  10:02  Marine x6  
Show
View Real Time Build Order
Export as new Build Order

Nihilus Terran - Winner!

Build Orders: MMM Bio 

Get SALT Encoding   

  12  0:01  SCV  
  13  0:14  SCV  
  14  0:18  Supply Depot  
  14  0:26  SCV  
  15  0:40  SCV  
  15  0:42  Barracks  
  16  0:48  Refinery  
  16  0:52  SCV  
  17  1:04  SCV  
  18  1:16  SCV  
  19  1:37  Command Center  
  19  1:42  Orbital Command  
  19  1:54  Factory  
  19  1:59  Marine  
  20  2:06  Supply Depot  
  20  2:09  SCV  
  21  2:27  Marine  
  20  2:39  Hellion  
  22  2:45  Marine, SCV  
  23  2:57  SCV  
  24  3:02  Starport  
  26  3:05  Barracks  
  26  3:09  SCV  
  26  3:10  Refinery  
  27  3:18  Factory Tech Lab, Barracks Reactor  
  25  3:21  SCV  
  26  3:33  SCV  
  27  3:42  Medivac  
  27  3:46  SCV  
  32  3:50  Orbital Command  
  32  3:58  SCV  
  32  3:59  Marine x2  
  33  4:05  Factory Tech Lab  
  33  4:07  Stimpack  
  33  4:08  Marauder  
  35  4:10  SCV  
  35  4:17  Marine x2  
  36  4:22  SCV  
  39  4:28  SCV  
  39  4:29  Marauder  
  42  4:32  Supply Depot  
  42  4:34  Supply Depot, Marine, SCV  
  42  4:35  Marine  
  45  4:54  Marauder  
  45  4:55  Marine x2  
  45  4:57  Siege Tank  
  52  5:02  Medivac  
  52  5:03  SCV  
  52  5:04  SCV  
  56  5:12  Marine  
  56  5:13  Marine  
  58  5:15  SCV  
  58  5:16  Marauder, SCV  
  60  5:35  Marine x2  
  60  5:40  Starport Reactor  
  62  5:44  Supply Depot  
  62  5:46  Supply Depot  
  62  5:48  Supply Depot, Siege Tank  
  65  5:51  SCV x2  
  67  6:02  Refinery  
  67  6:03  SCV x2  
  69  6:07  Combat Shields  
  69  6:09  Command Center  
  69  6:13  Marauder, Marine  
  69  6:14  Marine  
  69  6:15  SCV  
  69  6:18  Medivac  
  76  6:22  Barracks  
  76  6:30  Refinery  
  76  6:31  Marine x2  
  78  6:35  Marauder  
  77  6:56  Medivac x2  
  77  6:58  Marauder  
  77  6:59  Marine x2  
  85  7:06  SCV x2  
  87  7:16  Marine x2  
  87  7:18  Engineering Bay  
  87  7:19  Marauder  
  87  7:20  Engineering Bay  
  92  7:23  Barracks Tech Lab  
  92  7:27  Viking x2  
  95  7:31  Siege Tank  
  95  7:33  Barracks  
  95  7:34  Marine x2  
  95  7:35  SCV  
  95  7:36  SCV  
  102  7:41  Marauder, Orbital Command  
  104  7:46  Terran Infantry Weapons Level 1  
  104  7:51  Terran Infantry Armor Level 1  
  104  7:55  Marine x2  
  104  7:56  Marauder  
  107  8:10  Viking x2  
  107  8:11  Marine  
  112  8:13  Marine  
  112  8:18  Marauder  
  115  8:23  Marine x2  
  117  8:30  Marauder, Siege Tank  
  117  8:31  Supply Depot  
  122  8:35  Supply Depot  
  122  8:38  Armory  
  122  8:48  SCV x3  
  123  8:52  Marine x2  
  123  8:54  Marauder x2, Marine  
  130  9:23  Marine x2  
  130  9:24  Marine  
  133  9:25  Marauder x2  
  133  9:28  SCV x3  
  140  9:40  SCV x3  
  140  9:43  Barracks  
  143  9:45  Barracks  
  122  10:06  SCV x2  
  122  10:07  Marine x3  
  109  10:08  Marauder x2  
Tags
 
Add a new tag
Caveats
  • Supply blocks, unpowered buildings, or Contaminate may cause inaccurate times.
  • Supply counts are checked every 10 seconds.